 Dungeon Crawl Stone Soup version 0.32-a0-42-ga30500b4d3 (webtiles) character file.

Game seed: 11409240380425249544

108 Ceno the Chiller (level 4, -2/39 HPs)
             Began as a Naga Ice Elementalist on Feb 2, 2024.
             Slain by a scorpion (3 damage)
             ... on level 4 of the Dungeon.
             The game lasted 00:12:03 (2522 turns).

Ceno the Chiller (Naga Ice Elementalist)            Turns: 2522, Time: 00:12:06

Health: -2/39      AC:  4    Str: 13    XL:     4   Next: 87%
Magic:  2/7        EV:  8    Int: 15    God:
Gold:   199        SH:  0    Dex: 11    Spells: 3/7 levels left

rFire   . . .        o - +0 trident
rCold   . . .        (no shield)
rNeg    . . .        j - +1 ring mail {rPois}
rPois   +            (no helmet)
rElec   .            (no cloak)
rCorr   .            (no gloves)
SInv    +            (no barding)
Will    .....        (no amulet)
Stlth   ++           (no ring)
HPRegen 0.26/turn    (no ring)
MPRegen 0.10/turn

%: no passive effects
@: freezing walls, invisible, very slow
A: AC +1, large, see invisible, deformed body, poison resistance, slowness 2,
spit poison 1, naga tail 1
a: Spit Poison


You were on level 4 of the Dungeon.
You visited 1 branch of the dungeon, and saw 4 of its levels.

You collected 199 gold pieces.

Inventory:

Hand Weapons
 d - a +0 whip
 o - a +0 trident (weapon)
Missiles
 h - 23 stones (quivered)
 m - 4 atropa-tipped darts
Armour
 j - a +1 ring mail of poison resistance (worn)
Scrolls
 a - a scroll of fog {unknown}
 c - 3 scrolls of identify
 e - 2 scrolls of vulnerability {unknown}
 f - a scroll of amnesia {unknown}
 k - a scroll of noise {unknown}
 n - a scroll of brand weapon {unknown}
 q - a scroll of revelation {unknown}
 s - a scroll of poison {unknown}
Potions
 b - a potion of magic
 i - a potion of brilliance
 l - a potion of mutation
 p - a potion of haste {unknown}
 r - a potion of invisibility
 t - a potion of lignification {unknown}


   Skills:
 + Level 1.8 Fighting
 + Level 0.3 Polearms
 - Level 1.5 Dodging
 + Level 4.5 Stealth
 - Level 2.0 Spellcasting
 + Level 5.1 Ice Magic


You had 3 spell levels left.
You knew the following spells:

 Your Spells              Type           Power      Damage    Failure   Level
a - Freeze                Ice            64%        1d7       6%          1
b - Frozen Ramparts       Ice            32%        1d5       19%         3

Your spell library contained the following spells:

 Spells                   Type           Power      Damage    Failure   Level
 Ozocubu's Armour         Ice            16%        N/A       19%         3
 Magic Dart               Conj           4%         1d3       43%         1
 Summon Ice Beast         Ice/Summ       9%         N/A       45%         3
 Blink                    Tloc           2%         N/A       58%         2
 Call Imp                 Summ           2%         N/A       58%         2
 Lesser Beckoning         Tloc           2%         N/A       58%         2
 Gell's Gravitas          Tloc           1%         N/A       82%         3
 Teleport Other           Tloc           1%         N/A       82%         3


Dungeon Overview and Level Annotations

Branches:
Dungeon (4/15)
 Temple: D:4-7

Altars:
Okawaru
Qazlal

Shops:
D:1 [

Annotations:
D:2 Natasha
D:3 exclusion: sky beast


Innate Abilities, Weirdness & Mutations

Your serpentine skin is tough. (AC +1)
You have supernaturally acute eyesight. (SInv)
Armour fits poorly on your strangely shaped body.
Your system is resistant to poisons. (rPois)
You cover ground very slowly.
You can spit poison.
You have a snake-like lower body.


Message History

The splash of poison misses the scorpion.
The frozen ramparts melt away.
You feel very sick. The scorpion stings you!
* * * LOW HITPOINT WARNING * * *
You feel much better.
You feel sick. The scorpion stings you. The scorpion barely misses you.
You barely miss the scorpion.
The scorpion is moderately wounded.
You feel sick. The scorpion barely misses you.
You hit the scorpion but do no damage.
The scorpion is moderately wounded.
You have got your breath back.
You feel sick. The scorpion stings you. x2
Casting: Frozen Ramparts (quite dangerous; 19% risk of failure)
Confirm with . or Enter, or press ? or * to list all spells.
Casting: Frozen Ramparts (quite dangerous; 19% risk of failure)
Press: ? - help, Dir - look around, f - activate A stone staircase leading up, spattered with blood.
The walls around you are covered in ice.
You feel sick.
The wall freezes the scorpion but does no damage.
The scorpion stings you.
* * * LOW HITPOINT WARNING * * *
You are too injured to fight recklessly!
You are too injured to fight recklessly!
You closely miss the scorpion.
The scorpion is moderately wounded.
You feel sick.
The wall freezes the scorpion.
The scorpion stings you.
* * * LOW HITPOINT WARNING * * *
The wall freezes the scorpion.
The scorpion stings you.
* * * LOW HITPOINT WARNING * * *
It was a potion of invisibility.
You fade into invisibility!
* * * LOW HITPOINT WARNING * * *
You feel sick.
You are no longer poisoned.
The wall freezes the scorpion but does no damage.
The scorpion stings you.
You die...

##..# ....
#####..#### #
..........# .#
......##.#####.#
#>..........####
#...............
#.###.s..####
#.# #@#.## #.#
#.#.###.
#.###.#.....
#.......##
#####.#.# #.#.#
#.#.# #.. ...


You could see a scorpion (unable to see you).

Vanquished Creatures
  Jessica (D:2)
  2 adders (D:2)
  A white imp (D:4)
  3 ribbon worms (D:2)
  A dart slug (D:3)
  An orc (D:3)
  4 ball pythons
  4 endoplasms
  2 giant cockroaches
  A goblin (D:1)
  4 hobgoblins
  4 jackals (D:2)
  3 quokkas
  3 bats
  2 frilled lizards
  3 kobolds
  7 rats
46 creatures vanquished.

Notes
Turn   | Place    | Note
-------+----------+-------------------------------------------
     0 | D:1      | Ceno the Naga Ice Elementalist began the quest for the Orb.
     0 | D:1      | Reached XP level 1. HP: 15/15 MP: 3/3
    57 | D:1      | Found Itrecw's Antique Armour Boutique.
   248 | D:1      | Reached XP level 2. HP: 19/24 MP: 3/5
   938 | D:2      | Reached skill level 1 in Fighting
   979 | D:2      | Reached XP level 3. HP: 31/31 MP: 6/6
   986 | D:2      | Learned a level 3 spell: Frozen Ramparts
  1336 | D:2      | Noticed Natasha
  1494 | D:2      | Reached XP level 4. HP: 38/38 MP: 3/7
  1544 | D:2      | Noticed Jessica
  1601 | D:2      | Killed Jessica
  1602 | D:2      | Reached skill level 5 in Ice Magic
  2089 | D:3      | Found a stormy altar of Qazlal.
  2089 | D:3      | Noticed a sky beast
  2250 | D:3      | Found an iron altar of Okawaru.
  2508 | D:4      | Noticed a scorpion
  2522 | D:4      | HP: 1/39 [poisoned by a scorpion]
  2522 | D:4      | Slain by a scorpion

Illustrated notes

Levels and vault maps discovered:
D:1:      scummos_arrival_checkerplants, layout_basic, serial_shops, shop,
          dk_noncrumbling_3, glass_columns_a
D:2:      layout_rooms, uniq_natasha, uniq_jessica
D:3:      layout_rooms, nicolae_qazlal_beasts_of_the_sky, okawaru_gym_becter
D:4:      layout_loops_ring, kiku_gazebo_garden_becter

Skill      XL: |  1  2  3  4 |
---------------+-------------+-----
Fighting       | 1 |  1.8
Stealth        | 4 |  4.5
Ice Magic      | 5 |  5.1
Polearms       | |  0.3
Dodging        | |  1.5
Spellcasting   | |  2.0

Action                     |  1- 3 |  4- 6 || total
---------------------------+-------+-------++-------
  Melee: Whip              |    49 |    20 ||    69
         Trident           |       |    27 ||    27
         Spear             |       |     9 ||     9
  Throw: Stone             |     5 |     3 ||     8
   Cast: Freeze            |    22 |     2 ||    24
         Frozen Ramparts   |     2 |     5 ||     7
Ability: Spit Poison       |    16 |     1 ||    17
    Use: Scroll            |       |     3 ||     3
         Potion            |       |     2 ||     2
   Stab: Sleeping          |     1 |       ||     1
 Armour: Robe              |    22 |       ||    22
         Ring mail         |    25 |    40 ||    65
  Dodge: Dodged            |    40 |    28 ||    68

Table legend: (Time is in decaauts)
 A = Elapsed time spent in this place.
 B = Non-inter-level travel time spent in this place.
 C = Inter-level travel time spent in this place.
 D = Time resting spent in this place.
 E = Time spent auto-exploring this place.
 F = Levels seen in this place.
 G = Mean time per level.
                   A        B        C        D        E       F      G
               +--------+--------+--------+--------+--------+-----+--------+
         Total |   3148 |   3084 |     64 |    627 |   1327 |   4 |  787.0 |
       Dungeon |   3148 |   3084 |     64 |    627 |   1327 |   4 |  787.0 |
               +--------+--------+--------+--------+--------+-----+--------+

Top non-repeatable levels by time:
     D:2: 1198 daAuts
     D:1: 1024 daAuts
     D:3: 859 daAuts
     D:4: 65 daAuts
